TOP OF THE 1ST |
Athletic Club KC U-21 batting - Pitching for Yellowknife Dragonblood : RHP Kazuchika Okada
|
Pitching: RHP Kazuchika Okada
|
|
Batting: LHB Takayuki Yoshikawa
|
0-0: DOUBLE (Line Drive, 78M)
|
Batting: RHB Tasuku Goto
|
0-0: Called Strike 0-1: Swinging Strike 0-2: Ball 1-2: Ball 2-2: Ball 3-2: Foul Ball, location: 2F 3-2: Strikes out swinging
|
Batting: LHB Wu-shun Chu
|
0-0: Fly out, F8 (Flyball, 78M)
|
Batting: RHB Colin Bottone
|
0-0: Ball 1-0: Ball 2-0: Ground out 6-3 (Groundball, 6M)
|
Top of the 1st over - 0 run(s), 1 hit(s), 0 error(s), 1 left on base; Athletic Club KC 0 - Yellowknife 0 |
BOTTOM OF THE 1ST |
Yellowknife Dragonblood batting - Pitching for Athletic Club KC U-21 : RHP Ismael Calderón
|
Pitching: RHP Ismael Calderón
|
|
Batting: RHB Mareka Naidoo
|
0-0: Ball 1-0: Ball 2-0: Ball 3-0: Called Strike 3-1: Base on Balls
|
Batting: SHB Miklos Elias
|
0-0: DOUBLE (Groundball, 3L) Mareka Naidoo to third
|
Batting: LHB Juan Macíel
|
0-0: Ball 1-0: Ball 2-0: Foul Ball, location: 2F 2-1: Ball Passed Ball! Mareka Naidoo scores Miklos Elias to third 3-1: Fly out, F8 (Flyball, 8LS)
|
Batting: LHB Jayden Laming
|
0-0: Ball 1-0: Ball 2-0: Called Strike 2-1: Ball Wild Pitch! Miklos Elias scores 3-1: Swinging Strike 3-2: Foul Ball, location: 2F 3-2: Foul Ball, location: 2F 3-2: Base on Balls
|
Batting: RHB Juan López
|
0-0: Ball Wild Pitch! Jayden Laming to second 1-0: Fly out, F9 (Flyball, 9S)
|
Batting: RHB Orlando Moruga
|
0-0: Ball 1-0: Called Strike 1-1: Fly out, F9 (Flyball, 9LMF)
|
Bottom of the 1st over - 2 run(s), 1 hit(s), 0 error(s), 1 left on base; Athletic Club KC 0 - Yellowknife 2 |
TOP OF THE 2ND |
Athletic Club KC U-21 batting - Pitching for Yellowknife Dragonblood : RHP Kazuchika Okada
|
Batting: LHB Chi-hun Chong
|
0-0: Called Strike 0-1: Swinging Strike 0-2: Ball 1-2: Strikes out swinging
|
Batting: RHB Roberto Romero
|
0-0: Called Strike 0-1: Ball 1-1: Ground out 6-3 (Groundball, 6)
|
Batting: RHB Troy Whitehurst
|
0-0: Swinging Strike 0-1: Ball 1-1: Ball 2-1: Foul Ball, location: 2F 2-2: Strikes out swinging
|
Top of the 2nd over - 0 run(s), 0 hit(s), 0 error(s), 0 left on base; Athletic Club KC 0 - Yellowknife 2 |
BOTTOM OF THE 2ND |
Yellowknife Dragonblood batting - Pitching for Athletic Club KC U-21 : RHP Ismael Calderón
|
Batting: SHB Sean Scheetz
|
0-0: Called Strike 0-1: Fly out, F7 (Flyball, 7S)
|
Batting: RHB Manuel Ramos
|
0-0: Called Strike 0-1: Ball 1-1: Ball Error on foul ball, E3 2-2: Fly out, F7 (Flyball, 7S)
|
Batting: LHB Santiago Miranda
|
0-0: Ball 1-0: Ball 2-0: Called Strike 2-1: Foul Ball, location: 2F 2-2: Foul Ball, location: 2F 2-2: Reached via error on a dropped throw, E1
|
Batting: RHB Mareka Naidoo
|
0-0: Called Strike 0-1: Ball 1-1: Ground out 5-3 (Groundball, 56S)
|
Bottom of the 2nd over - 0 run(s), 0 hit(s), 2 error(s), 1 left on base; Athletic Club KC 0 - Yellowknife 2 |
TOP OF THE 3RD |
Athletic Club KC U-21 batting - Pitching for Yellowknife Dragonblood : RHP Kazuchika Okada
|
Batting: RHB Dewey Nauss
|
0-0: Swinging Strike 0-1: Ball 1-1: Foul Ball, location: 2F 1-2: Fly out, F5 (Popup, 56)
|
Batting: RHB Tae-kyun Chon
|
0-0: Swinging Strike 0-1: Ball 1-1: Ball 2-1: SINGLE (Line Drive, 56)
|
Batting: LHB Takayuki Yoshikawa
|
0-0: Fielders Choice at 2nd, 4-6 (Groundball, 34)
|
Batting: RHB Tasuku Goto
|
Pickoff Throw to First - Out!
|
Top of the 3rd over - 0 run(s), 1 hit(s), 0 error(s), 0 left on base; Athletic Club KC 0 - Yellowknife 2 |
BOTTOM OF THE 3RD |
Yellowknife Dragonblood batting - Pitching for Athletic Club KC U-21 : RHP Ismael Calderón
|
Batting: SHB Miklos Elias
|
0-0: Called Strike 0-1: Ball 1-1: Ball 2-1: Foul Ball, location: 2F 2-2: Foul Ball, location: 2F 2-2: Ball 3-2: Base on Balls
|
Batting: LHB Juan Macíel
|
0-0: Foul Ball, location: 2F 0-1: Ball 1-1: Ball 2-1: Ball 3-1: SINGLE (Groundball, 6D) Miklos Elias to second
|
Batting: LHB Jayden Laming
|
0-0: Ball 1-0: Called Strike 1-1: SINGLE (Line Drive, 4) Miklos Elias to third Juan Macíel to second Runner from 3rd tries for Home, SAFE, no throw
|
Batting: RHB Juan López
|
0-0: Called Strike 0-1: Swinging Strike 0-2: Ball 1-2: Ball 2-2: Strikes out swinging
|
Batting: RHB Orlando Moruga
|
0-0: Grounds into double play, 4-6-3 (Groundball, 34)
|
Bottom of the 3rd over - 1 run(s), 2 hit(s), 0 error(s), 1 left on base; Athletic Club KC 0 - Yellowknife 3 |
TOP OF THE 4TH |
Athletic Club KC U-21 batting - Pitching for Yellowknife Dragonblood : RHP Kazuchika Okada
|
Batting: RHB Tasuku Goto
|
0-0: Called Strike 0-1: Ball 1-1: SINGLE (Line Drive, 5D)
|
Batting: LHB Wu-shun Chu
|
0-0: Ball 1-0: Called Strike 1-1: Ball 2-1: SINGLE (Groundball, 34D) Tasuku Goto to second Runner from 2nd tries for 3rd, SAFE, throw made to third Wu-shun Chu to second
|
Batting: RHB Colin Bottone
|
0-0: Ground out 5-3 (Groundball, 56) Tasuku Goto scores
|
Batting: LHB Chi-hun Chong
|
0-0: Swinging Strike 0-1: Ball 1-1: Fly out, F7 (Flyball, 7)
|
Batting: RHB Roberto Romero
|
0-0: Foul Ball, location: 2F 0-1: Ball 1-1: Ground out 6-3 (Groundball, 6S)
|
Top of the 4th over - 1 run(s), 2 hit(s), 0 error(s), 1 left on base; Athletic Club KC 1 - Yellowknife 3 |
BOTTOM OF THE 4TH |
Yellowknife Dragonblood batting - Pitching for Athletic Club KC U-21 : RHP Ismael Calderón
|
Batting: SHB Sean Scheetz
|
0-0: Called Strike 0-1: Ball 1-1: Ball 2-1: Ball 3-1: Called Strike 3-2: Base on Balls
|
Batting: RHB Manuel Ramos
|
0-0: Called Strike 0-1: Ball 1-1: Ball 2-1: Foul Ball, location: 2F 2-2: SINGLE (Line Drive, 4M) Sean Scheetz to second
|
Batting: LHB Santiago Miranda
|
0-0: Ball 1-0: Called Strike 1-1: Ball 2-1: Foul Ball, location: 2F 2-2: Foul Ball, location: 2F 2-2: Ball 3-2: Foul Ball, location: 2F 3-2: SINGLE (Line Drive, 4MD) Sean Scheetz to third Manuel Ramos to second
|
Batting: RHB Mareka Naidoo
|
0-0: Ball 1-0: Foul Ball, location: 2F 1-1: Ball 2-1: Ball 3-1: Base on Balls Sean Scheetz scores Manuel Ramos to third Santiago Miranda to second
|
Batting: SHB Miklos Elias
|
0-0: Called Strike 0-1: Ball 1-1: Foul Ball, location: 2F 1-2: Fly out, F7 (Flyball, 78M) Runner from 3rd tags up, SCORES, no throw
|
Batting: LHB Juan Macíel
|
0-0: Ball 1-0: Ball 2-0: Called Strike 2-1: Grounds into double play, 4-6-3 (Groundball, 4)
|
Bottom of the 4th over - 2 run(s), 2 hit(s), 0 error(s), 1 left on base; Athletic Club KC 1 - Yellowknife 5 |
TOP OF THE 5TH |
Athletic Club KC U-21 batting - Pitching for Yellowknife Dragonblood : RHP Kazuchika Okada
|
Batting: RHB Troy Whitehurst
|
0-0: Called Strike 0-1: Ball 1-1: Fly out, F8 (Flyball, 8LS)
|
Batting: RHB Dewey Nauss
|
0-0: Ball 1-0: Called Strike 1-1: Foul Ball, location: 2F 1-2: Strikes out swinging
|
Batting: RHB Tae-kyun Chon
|
0-0: Swinging Strike 0-1: Ball 1-1: SINGLE (Flyball, 89S)
|
Batting: LHB Takayuki Yoshikawa
|
0-0: Called Strike Tae-kyun Chon steals 2nd base 0-1: Called Strike 0-2: Ball 1-2: Ball 2-2: Ball 3-2: Fly out, F7 (Flyball, 7S)
|
Top of the 5th over - 0 run(s), 1 hit(s), 0 error(s), 1 left on base; Athletic Club KC 1 - Yellowknife 5 |
BOTTOM OF THE 5TH |
Yellowknife Dragonblood batting - Pitching for Athletic Club KC U-21 : RHP Ismael Calderón
|
Batting: LHB Jayden Laming
|
0-0: Called Strike 0-1: Ball 1-1: SINGLE (Groundball, 34D)
|
Batting: RHB Juan López
|
0-0: Called Strike 0-1: Swinging Strike 0-2: Ball 1-2: Ball Jayden Laming steals 2nd base 2-2: Ball 3-2: Fly out, F9 (Flyball, 9S)
|
Batting: RHB Orlando Moruga
|
0-0: Foul Ball, location: 2F 0-1: Ground out 4-3 (Groundball, 4) Jayden Laming to third
|
Batting: SHB Sean Scheetz
|
0-0: SINGLE (Groundball, 4) (infield hit) Jayden Laming scores
|
Pitching: LHP Jeffrey Fluker
|
|
Batting: RHB Manuel Ramos
|
0-0: Ball 1-0: Ground out 4-3 (Groundball, 4M)
|
Bottom of the 5th over - 1 run(s), 2 hit(s), 0 error(s), 1 left on base; Athletic Club KC 1 - Yellowknife 6 |
TOP OF THE 6TH |
Athletic Club KC U-21 batting - Pitching for Yellowknife Dragonblood : RHP Kazuchika Okada
|
Batting: RHB Tasuku Goto
|
0-0: Fly out, F4 (Popup, 34)
|
Batting: LHB Wu-shun Chu
|
0-0: Ball 1-0: Fly out, F4 (Popup, 4MD)
|
Batting: RHB Colin Bottone
|
0-0: Ball 1-0: Fly out, F6 (Line Drive, 6)
|
Top of the 6th over - 0 run(s), 0 hit(s), 0 error(s), 0 left on base; Athletic Club KC 1 - Yellowknife 6 |
BOTTOM OF THE 6TH |
Yellowknife Dragonblood batting - Pitching for Athletic Club KC U-21 : LHP Jeffrey Fluker
|
Batting: LHB Santiago Miranda
|
0-0: Swinging Strike 0-1: Ball 1-1: Foul Ball, location: 2F 1-2: Strikes out swinging
|
Batting: RHB Mareka Naidoo
|
0-0: Swinging Strike 0-1: Ball 1-1: Ball 2-1: Called Strike 2-2: Foul Ball, location: 2F 2-2: Fly out, F9 (Flyball, 9LS)
|
Batting: SHB Miklos Elias
|
0-0: Called Strike 0-1: Ball 1-1: Ball 2-1: Ground out 6-3 (Groundball, 56)
|
Bottom of the 6th over - 0 run(s), 0 hit(s), 0 error(s), 0 left on base; Athletic Club KC 1 - Yellowknife 6 |
TOP OF THE 7TH |
Athletic Club KC U-21 batting - Pitching for Yellowknife Dragonblood : RHP Kazuchika Okada
|
Batting: LHB Chi-hun Chong
|
0-0: Foul Ball, location: 2F 0-1: Foul Ball, location: 2F 0-2: Ball 1-2: Strikes out swinging
|
Batting: RHB Roberto Romero
|
0-0: SINGLE (Line Drive, 89S)
|
Batting: RHB Troy Whitehurst
|
0-0: Ball 1-0: Ball 2-0: SINGLE (Groundball, 56D) Roberto Romero to second
|
Batting: RHB Dewey Nauss
|
0-0: Swinging Strike 0-1: Ball 1-1: Fly out, F7 (Flyball, 7LSF)
|
Batting: RHB Tae-kyun Chon
|
0-0: Ball 1-0: Foul Ball, location: 2F 1-1: Ball 2-1: Called Strike 2-2: Strikes out swinging
|
Top of the 7th over - 0 run(s), 2 hit(s), 0 error(s), 2 left on base; Athletic Club KC 1 - Yellowknife 6 |
BOTTOM OF THE 7TH |
Yellowknife Dragonblood batting - Pitching for Athletic Club KC U-21 : LHP Jeffrey Fluker
|
Batting: LHB Juan Macíel
|
0-0: SINGLE (Groundball, 34D)
|
Batting: LHB Jayden Laming
|
0-0: Called Strike 0-1: Called Strike 0-2: Ball 1-2: Strikes out looking
|
Batting: RHB Juan López
|
0-0: Called Strike 0-1: Ball 1-1: Grounds into double play, 4-6-3 (Groundball, 4)
|
Bottom of the 7th over - 0 run(s), 1 hit(s), 0 error(s), 0 left on base; Athletic Club KC 1 - Yellowknife 6 |
TOP OF THE 8TH |
Athletic Club KC U-21 batting - Pitching for Yellowknife Dragonblood : RHP Kazuchika Okada
|
Batting: LHB Takayuki Yoshikawa
|
0-0: Called Strike 0-1: SINGLE (Line Drive, 6MD)
|
Batting: RHB Tasuku Goto
|
0-0: Fly out, F2 (Popup, 25)
|
Batting: LHB Wu-shun Chu
|
0-0: Called Strike 0-1: Called Strike 0-2: Strikes out swinging
|
Batting: RHB Colin Bottone
|
0-0: Foul Ball, location: 2F 0-1: Ball 1-1: Fly out, F7 (Flyball, 78M)
|
Top of the 8th over - 0 run(s), 1 hit(s), 0 error(s), 1 left on base; Athletic Club KC 1 - Yellowknife 6 |
BOTTOM OF THE 8TH |
Yellowknife Dragonblood batting - Pitching for Athletic Club KC U-21 : LHP Jeffrey Fluker
|
Batting: RHB Orlando Moruga
|
0-0: Ball 1-0: Called Strike 1-1: Ball 2-1: Called Strike 2-2: Strikes out swinging
|
Batting: SHB Sean Scheetz
|
0-0: Ball 1-0: Foul Ball, location: 2F 1-1: SINGLE (Groundball, 6D)
|
Batting: RHB Manuel Ramos
|
0-0: Ball 1-0: Fly out, F8 (Flyball, 8LM)
|
Batting: LHB Santiago Miranda
|
0-0: Foul Ball, location: 2F 0-1: Fly out, F8 (Flyball, 78M)
|
Bottom of the 8th over - 0 run(s), 1 hit(s), 0 error(s), 1 left on base; Athletic Club KC 1 - Yellowknife 6 |
TOP OF THE 9TH |
Athletic Club KC U-21 batting - Pitching for Yellowknife Dragonblood : RHP Kazuchika Okada
|
Now at C: Juan Carlos López
|
|
Batting: LHB Chi-hun Chong
|
0-0: Called Strike 0-1: Foul Ball, location: 2F 0-2: Ball 1-2: SINGLE (Groundball, 4D)
|
Batting: RHB Roberto Romero
|
0-0: Called Strike 0-1: SINGLE (Line Drive, 9LS) Chi-hun Chong to second
|
Batting: RHB Troy Whitehurst
|
0-0: Foul Ball, location: 2F 0-1: Swinging Strike 0-2: Strikes out looking
|
Batting: RHB Dewey Nauss
|
0-0: Ball 1-0: Fly out, F9 (Flyball, 9) Runner from 2nd tags up, SAFE at 3rd with throw
|
Batting: RHB Tae-kyun Chon
|
0-0: Called Strike 0-1: Fly out, F9 (Line Drive, 89S)
|
Top of the 9th over - 0 run(s), 2 hit(s), 0 error(s), 2 left on base; Athletic Club KC 1 - Yellowknife 6 |
|